 Dungeon Crawl Stone Soup version 0.31-a0-229-g1fc7ce93e2 (webtiles) character file.

Game seed: 10371940820984785811

132 qw the Shooter (level 5, -2/30 HPs)
             Began as a Gargoyle Hexslinger on July 6, 2023.
             Slain by Robin
             ... wielding a +0 spear
              (3 damage)
             ... on level 3 of the Dungeon.
             The game lasted 00:00:45 (1257 turns).

qw the Shooter (Gargoyle Hexslinger)                Turns: 1257, Time: 00:00:46

Health: -2/30      AC: 10    Str:  9 (11) XL:     5   Next: 15%
Magic:  6/6        EV: 10    Int: 14      God:
Gold:   104        SH:  0    Dex: 12 (14) Spells: 5/6 levels left

rFire   . . .        Y - +2 sling
rCold   . . .        (no shield)
rNeg    + . .        k - +0 ring mail
rPois   inf          (no helmet)
rElec   +            (no cloak)
rCorr   .            h - +0 pair of gloves
SInv    .            (no boots)
Will    .....        g - amulet of faith
Stlth   +            (no ring)
HPRegen 0.25/turn    (no ring)
MPRegen 0.10/turn

%: faith
@: no status effects
A: sickness immunity, AC +4, negative energy resistance 1, electricity
resistance, torment resistance 1, petrification resistance
a: no special abilities


You were on level 3 of the Dungeon.
You visited 1 branch of the dungeon, and saw 3 of its levels.

You collected 104 gold pieces.


Innate Abilities, Weirdness & Mutations

You are immune to sickness and miasma.
Your stone body is resilient. (AC +4)
You are immune to poison.
You resist negative energy. (rN+)
You are resistant to electric shocks. (rElec)
You are resistant to unholy torment.
You are immune to petrification.


   Skills:
 - Level 2.0 Fighting
 + Level 4.5 Ranged Weapons
 - Level 1.6 Armour
 - Level 1.5 Dodging
 - Level 1.0 Spellcasting
 - Level 2.6 Hexes


You had 5 spell levels left.
You knew the following spells:

 Your Spells              Type           Power      Damage    Failure   Level
a - Slow                  Hex            32%        N/A       24%         1

Your spell library contained the following spells:

 Spells                   Type           Power      Damage    Failure   Level
 Inner Flame              Hex/Fire       4%         N/A       77%         3
 Portal Projectile        Hex/Tloc       8%         N/A       77%         3
 Cause Fear               Hex            4%         N/A       93%         4

Inventory:

Hand Weapons
 Y - a +2 sling (weapon)
Armour
 h - a +0 pair of gloves (worn)
 k - a +0 ring mail (worn)
Jewellery
 g - an amulet of faith (around neck)
Scrolls
 a - a scroll of identify
Potions
 d - a potion of enlightenment
 i - a potion of curing {unknown}

Dungeon Overview and Level Annotations

Branches:
Dungeon (3/15)

Altars:
Sif Muna
Xom

Annotations:
D:3 Robin


Message History

The hobgoblin hits you. The goblin hits you but does no damage.
Robin hits you from afar with a +0 spear.
The goblin hits you but does no damage.
You shoot a sling bullet.
The sling bullet barely misses the goblin.
The orc shouts!
The hobgoblin hits you. The goblin barely misses you. Robin misses you.
The goblin hits you but does no damage.
You shoot a sling bullet.
The sling bullet barely misses the goblin.
The goblin barely misses you. x2; The goblin closely misses you.
Robin hits you but does no damage.
You shoot a sling bullet. The sling bullet hits the goblin.
You kill the goblin!
The hobgoblin barely misses you. The goblin hits you with a +0 dagger.
The goblin closely misses you. Robin hits you but does no damage.
You feel your dexterity returning.
You shoot a sling bullet. The sling bullet hits the goblin.
You kill the goblin!
The hobgoblin misses you. The goblin barely misses you.
Robin hits you but does no damage. The goblin hits you but does no damage.
Robin hits you but does no damage. The hobgoblin misses you.
You shoot a sling bullet.
The sling bullet barely misses the hobgoblin.
The hobgoblin hits you. Robin barely misses you.
The goblin hits you with a +0 dagger.
You shoot a sling bullet.
The sling bullet hits the orc but does no damage.
The goblin no longer looks unusually strong.
The orc barely misses you.
The hobgoblin hits you but does no damage.
Robin roars a battlecry!
The goblin goes into a battle-frenzy!
The goblin hits you but does no damage.
You shoot a sling bullet. The sling bullet hits the orc.
The orc is heavily wounded.
The orc hits you but does no damage. The hobgoblin hits you.
The goblin closely misses you.
Robin hits you from afar with a +0 spear.
You die...

~~~....# #~~P...####
#~~....#..# ###
#~~....##.# ...#
###~~....##.## .....
~~~~~....#...##......
~~~~~....#..g@og.....
.........#..)g)......
........#............
..####...##...##.))...
.............## #.....
.#####.######## #...#
#......... ..##
#.######## ## #.#


You could see Robin, an orc, a hobgoblin (strong) and a goblin (strong).

Vanquished Creatures
  Jessica (D:3)
  A gnoll (D:1)
  2 adders
  A dart slug (D:1)
  3 ball pythons (D:2)
  3 bats
  4 endoplasms
  3 giant cockroaches
  12 goblins
  7 hobgoblins
  8 jackals
  6 kobolds
  6 quokkas
  A frilled lizard (D:1)
  6 rats
64 creatures vanquished.

Notes
Turn   | Place    | Note
-------+----------+-------------------------------------------
     0 | D:1      | qw the Gargoyle Hexslinger began the quest for the Orb.
     0 | D:1      | Reached XP level 1. HP: 12/12 MP: 2/2
     0 | D:1      | 0 ||| qw: Version: 0.3-a-46-gb1f654a
     0 | D:1      | 0 ||| qw: Game counter: 1334
     0 | D:1      | 0 ||| qw: Melee chars always use a shield: true
     0 | D:1      | 0 ||| qw: God list: Okawaru
     0 | D:1      | 0 ||| qw: Allow faded altars: false
     0 | D:1      | 0 ||| qw: Do Orc after clearing Dungeon:15 true
     0 | D:1      | 0 ||| qw: Do second Lair branch before Depths: true
     0 | D:1      | 0 ||| qw: Lair rune preference: random
     0 | D:1      | 0 ||| qw: Goals: Normal
     0 | D:1      | 0 ||| PLANNING D:1-11
    43 | D:1      | Reached XP level 2. HP: 16/16 MP: 3/3
   103 | D:1      | Reached skill level 3 in Ranged Weapons
   212 | D:1      | Reached XP level 3. HP: 21/21 MP: 4/4
   229 | D:1      | 229 ||| FLEEEEING.
   496 | D:1      | 496 ||| READING scroll labelled DOLOLA WENACK.
   497 | D:1      | 497 ||| READING scroll labelled HITHU DOUPNER.
   498 | D:1      | 498 ||| READING scroll labelled ACUCKOIDEE.
   499 | D:1      | 499 ||| DROPPING scroll of poison.
   640 | D:2      | Found a shimmering altar of Xom.
   851 | D:2      | Reached XP level 4. HP: 24/26 MP: 5/5
   854 | D:2      | Reached skill level 4 in Ranged Weapons
  1055 | D:2      | 1055 ||| UPGRADING to +0 pair of gloves.
  1060 | D:2      | 1060 ||| UPGRADING to +0 ring mail.
  1070 | D:2      | 1070 ||| DROPPING +0 robe.
  1071 | D:2      | 1071 ||| UPGRADING to amulet of faith.
  1076 | D:2      | 1076 ||| READING 3 scrolls labelled JOUBEI ZO TAETH.
  1077 | D:2      | 1077 ||| READING scroll labelled ROIDWY PUNIGH.
  1078 | D:2      | 1078 ||| READING scroll labelled NEUB WOSIRA.
  1079 | D:2      | 1079 ||| READING scroll labelled QIUDOMIF NEIJIADA.
  1082 | D:2      | 1082 ||| DRINKING 2 amethyst potions.
  1083 | D:2      | 1083 ||| READING 2 scrolls of identify.
  1083 | D:2      | 1083 ||| IDENTIFYING fuming coppery potion
  1084 | D:2      | 1084 ||| DROPPING potion of degeneration.
  1108 | D:3      | Noticed Jessica
  1115 | D:3      | Killed Jessica
  1116 | D:3      | Reached skill level 1 in Armour
  1134 | D:3      | Found a shimmering blue altar of Sif Muna.
  1153 | D:3      | Reached XP level 5. HP: 30/30 MP: 6/6
  1178 | D:3      | Found a faded altar of an unknown god.
  1239 | D:3      | Noticed Robin
  1255 | D:3      | HP: 5/30 [hobgoblin[Robin] (6)]
  1257 | D:3      | HP: 1/30 [hobgoblin[Robin] (3)]
  1257 | D:3      | Slain by Robin

Levels and vault maps discovered:
D:1:      tekkud_arrival_beachfront_property, layout_basic
D:2:      layout_basic, basic_altar, kennysheep_generic_room_8
D:3:      lemuel_castle_with_subvaults [lemuel_castle_interior_carwin_3],
          layout_loops_ring, amcnicky_altar_gilded,
          dreamdust_ecumenical_altar_grove, supply_closet_lemuel, minivault_27,
          uniq_ijyb, uniq_jessica, uniq_robin

Skill      XL: |  1  2  3  4 |
---------------+-------------+-----
Ranged Weapons | 3 4 |  4.5
Fighting       | 2 |  2.0
Armour         | 1 |  1.6
Dodging        | |  1.5
Spellcasting   | |  1.0
Hexes          | |  2.6

Action                     |  1- 3 |  4- 6 || total
---------------------------+-------+-------++-------
   Fire: Sling             |   106 |    79 ||   185
    Use: Scroll            |     3 |     5 ||     8
         Potion            |       |     1 ||     1
 Armour: Robe              |    16 |     7 ||    23
         Ring mail         |       |    27 ||    27
  Dodge: Dodged            |    27 |    37 ||    64

Table legend:
 A = Non-vault XP
 B = Vault XP
 C = Vault XP percentage of total XP
 D = Non-vault monster count
 E = Vault monster count
 F = Vault count percentage of total count
                 A         B        C        D         E       F
            +---------+---------+-------+---------+---------+-------
      Total |     134 |      55 |  29.1 |      54 |      10 |  15.6
            +---------+---------+-------+---------+---------+-------
        D:1 |      46 |       0 |   0.0 |      19 |       0 |   0.0
        D:2 |      62 |       4 |   6.1 |      27 |       2 |   6.9
        D:3 |      26 |      51 |  66.2 |       8 |       8 |  50.0
            +---------+---------+-------+---------+---------+-------
